cohdb
Replays
Latest Replays
All Replays
Popular Replays
Top Player Replays
Match Explorer
How It Works
Community
CoH3 Stats
Reddit
Sign in to upload your games and track your stats! →
Sign in with Steam
Match 44006022
Unlisted
Match 44006022
Overview
Messages
Build Orders
End
Selects Italian Coastal Battlegroup
Selects Coastal Reserves
Coastal Reserve
Kettenkrad Recon Vehicle
Construct Infanterie Kompanie
Coastal Reserve
MG 42 Machine Gun Team
Coastal Reserve
Coastal Reserve
Construct Panzergrenadier Kompanie
Selects Artillery Officer
251 Medium Carrier
Pak 40 Anti-tank Gun Team
Medical Bunker
Selects Artillery Officer
Support Elements
StuG III G Assault Gun
Panzergrenadier Officer Quarters
RooRoolen
月下秋璇
dj pauly d gtl
pejgamber
ZGChan
Guest0609
anioki
Mila!
0
0
Comments
sign in to comment!
No comments posted yet!